 Dungeon Crawl Stone Soup version 0.23.0-3-gf3c87f2 (webtiles) character file.

Game seed: 15413130933488609270

91 suvakkihuora the Sneak (level 4, 0/23 HPs)
             Began as a Spriggan Monk on Feb 20, 2019.
             Was an Initiate of Gozag.
             Slain by an unseen horror (6 damage)
             ... on level 14 of the Dungeon.
             The game lasted 00:12:29 (3881 turns).

suvakkihuora the Sneak (Spriggan Monk)              Turns: 3881, Time: 00:12:30

Health: 0/23       AC:  4    Str:  7    XL:     4   Next: 33%
Magic:  5/5        EV: 20    Int: 11    God:    Gozag
Gold:   243        SH:  0    Dex: 19    Spells: 3/3 levels left

rFire    . . .     SeeInvis +   j - +0 rapier
rCold    . . .     Gourm    .   (shield restricted)
rNeg     . . .     Faith    .   b - +0 robe
rPois    .         Spirit   .   l - +2 hat
rElec    .         Reflect  .   (no cloak)
rCorr    .         Harm     .   (gloves unavailable)
MR       .....                  (boots unavailable)
Stlth    ++++......             (no amulet)
HPRegen  0.07/turn              a - ring of wizardry
MPRegen  0.09/turn              n - ring of flight

@: lethally poisoned (0 -> -6), very quick
A: very small, unfitting armour, see invisible, herbivore, speed 3, slow
metabolism 2
a: Potion Petition, Call Merchant, Bribe Branch, Renounce Religion, Evoke Flight


You were on level 14 of the Dungeon.
You worshipped Gozag.
Gozag was aware of your devotion.
You were not hungry.

You visited 1 branch of the dungeon, and saw 14 of its levels.

You collected 243 gold pieces.

Inventory:

Hand Weapons
 j - a +0 rapier (weapon)
Armour
 b - a +0 robe (worn)
 l - a +2 hat (worn)
Jewellery
 a - a ring of wizardry (left hand)
 n - a ring of flight (right hand)
Scrolls
 g - a scroll of enchant weapon
 h - 5 scrolls of remove curse
 i - 2 scrolls of immolation
 m - a scroll of noise
Potions
 d - 2 potions of invisibility
 f - 2 potions of resistance {unknown}
 o - a potion of curing
Comestibles
 c - 7 rations


   Skills:
 - Level 2.4 Fighting
 - Level 3.5 Short Blades
 - Level 4.4 Dodging
 * Level 7.1 Stealth


You had 3 spell levels left.
You didn't know any spells.
Your spell library was empty.

Dungeon Overview and Level Annotations

Branches:
Dungeon (14/15)            Temple (0/1) D:5
   Lair: D:8-11         Orc: D:9-12      Vaults: D:13-14

Altars:
Gozag
Nemelex Xobeh

Shops:
D:4 [   D:8 =

Annotations:
D:2 Robin
D:3 Grinder
D:4 Menkaure
D:8 exclusions: hound and killer bee
D:11 Maurice


Innate Abilities, Weirdness & Mutations

You are very small and have problems with some larger weapons.
You are too small for most types of armour.
You have supernaturally acute eyesight. (SInv)
You are a herbivore.
You cover ground extremely quickly.
You need to consume almost no food.


Message History

A phantom comes into view.
A jelly comes into view.
The worker ant closely misses you. The phantom barely misses you.
You hit the phantom.
The phantom is lightly damaged.
The worker ant bites you!
You are poisoned.
The worker ant poisons you! The phantom completely misses you.
You feel sick. The worker ant misses you. The phantom closely misses you.
Found 13 gold pieces.
An unseen horror comes into view.
You feel sick.
The unseen horror hits you but does no damage.
The unseen horror hits you.
* * * LOW HITPOINT WARNING * * *
You feel sick. The unseen horror hits you.
You die...
Your body crumbles into a pile of gold.

#####.#####.#########
.............<.......
######.#####.########
#.# #.# #.# #.# $ #.#
#.# #.# #.# $
#.######.#####.#########
.......@...............#
##.....x......##########
#........a...#
#........W...#
#.......>....#
#.......^....#
.....$...........
.#######J......##
#.......#


You could see an unseen horror (invisible), a phantom, a jelly (sleeping) and a
worker ant.

Vanquished Creatures
  Terence (D:2)
  A worker ant (D:7)
  An adder (D:2)
  2 dart slugs
  A leopard gecko (D:5)
  An orc (D:3)
  2 giant cockroaches
  5 goblins
  2 hobgoblins (D:1)
  4 jackals (D:1)
  A ball python (D:1)
  2 bats (D:1)
  2 frilled lizards (D:1)
  A kobold (D:1)
  2 rats
28 creatures vanquished.

Notes
Turn   | Place    | Note
-------+----------+-------------------------------------------
     0 | D:1      | suvakkihuora the Spriggan Monk began the quest for the Orb.
     0 | D:1      | Reached XP level 1. HP: 11/11 MP: 2/2
   104 | D:1      | Reached XP level 2. HP: 13/16 MP: 3/3
   115 | D:1      | Reached skill level 4 in Stealth
   310 | D:2      | Reached skill level 5 in Stealth
   413 | D:2      | Found a sparkling altar of Nemelex Xobeh.
   454 | D:3      | Noticed Robin
   559 | D:1      | Reached XP level 3. HP: 19/19 MP: 4/4
   617 | D:2      | Noticed Terence
   618 | D:2      | Killed Terence
   618 | D:2      | Reached skill level 6 in Stealth
   985 | D:4      | Noticed a bullfrog
  1003 | D:3      | Noticed Grinder
  1596 | D:4      | Noticed Menkaure
  1619 | D:4      | Found Dumaidous's Antique Armour Boutique.
  1684 | D:5      | Entered Level 5 of the Dungeon
  1706 | D:5      | Noticed a phantom
  1761 | D:5      | Found a staircase to the Ecumenical Temple.
  1887 | D:7      | Noticed an ogre
  1898 | D:8      | Noticed a killer bee
  1910 | D:8      | Noticed a two-headed ogre
  1949 | D:9      | Noticed an orc warrior
  1953 | D:10     | Entered Level 10 of the Dungeon
  1956 | D:10     | Noticed a hippogriff
  1958 | D:10     | Noticed a yak
  1958 | D:10     | Noticed a yak
  1958 | D:10     | Noticed a yak
  1958 | D:10     | Noticed a yak
  2007 | D:10     | Noticed a sky beast
  2048 | D:11     | Noticed Maurice
  2088 | D:10     | Noticed a yak
  2090 | D:10     | Noticed a hungry ghost
  2090 | D:10     | Noticed a yak
  2090 | D:10     | Noticed a yak
  2222 | D:9      | Noticed a bullfrog
  2248 | D:9      | Noticed an ogre
  2328 | D:8      | Noticed a killer bee
  2328 | D:8      | Noticed a killer bee
  2328 | D:8      | Noticed a killer bee
  2328 | D:8      | Noticed a killer bee
  2329 | D:8      | Found Foseroo's Jewellery Shop.
  2330 | D:8      | Noticed a scorpion
  2332 | D:8      | Noticed a phantom
  2454 | D:8      | Noticed a hungry ghost
  2569 | D:7      | Noticed a centaur
  2629 | D:7      | Reached skill level 7 in Stealth
  2629 | D:7      | Reached XP level 4. HP: 16/23 MP: 5/5
  2640 | D:7      | Noticed a sky beast
  2771 | D:7      | Found a sand-covered staircase.
  3089 | D:8      | Noticed a sky beast
  3138 | D:8      | Noticed a sky beast
  3245 | D:8      | Found an opulent altar of Gozag.
  3245 | D:8      | Found a sparkling altar of Nemelex Xobeh.
  3275 | D:8      | Became a worshipper of Gozag Ym Sagoz the Greedy
  3310 | D:8      | You fall through a shaft for 2 floors!
  3548 | D:13     | Noticed a hippogriff
  3566 | D:13     | Noticed a six-headed hydra
  3582 | D:13     | Noticed a two-headed ogre
  3862 | D:14     | Noticed a phantom
  3876 | D:14     | Noticed an unseen horror
  3881 | D:14     | Slain by an unseen horror

Skill      XL: |  1  2  3 |
---------------+----------+-----
Stealth        | 5 7 |  7.1
Fighting       | |  2.4
Short Blades   | |  3.5
Dodging        | |  4.4

Action                   |  1- 3 |  4- 6 || total
-------------------------+-------+-------++-------
Melee: Short sword       |    76 |       ||    76
       Rapier            |     8 |     3 ||    11
  Use: Scroll            |     6 |     6 ||    12
       Potion            |     2 |       ||     2
 Stab: Sleeping          |    10 |     2 ||    12
Armor: Robe              |     9 |     3 ||    12
Dodge: Dodged            |    89 |    13 ||   102
